 Dungeon Crawl Stone Soup version 0.20-a0-370-gd6af2a4 (webtiles) character file.

4800 penismuncher the Spear-Bearer (level 10, -1/69 HPs)
             Began as a Demonspawn Gladiator on Dec 25, 2016.
             Was a Believer of Qazlal.
             Slain by a two-headed ogre
             ... wielding a +0 giant spiked club
              (25 damage)
             ... on level 8 of the Dungeon on Dec 27, 2016.
             The game lasted 00:14:02 (9961 turns).

penismuncher the Spear-Bearer (DsGl)                Turns: 9961, Time: 00:14:02

Health: -1/69      AC: 11    Str: 16    XL:     10   Next: 24%
Magic:  10/10      EV: 13    Int: 13    God:    Qazlal [**....]
Gold:   507        SH:  2    Dex: 15    Spells: 9/9 levels left

rFire  . . .     SeeInvis .     a - +0 trident
rCold  + . .     Gourm    .     D - +2 leather armour {rC+}
rNeg   . . .     Faith    .     (no shield)
rPois  .         Spirit   .     c - +0 helmet
rElec  .         Reflect  .     (no cloak)
rCorr  .         Harm     .     (no gloves)
MR     .....                    B - +0 pair of boots (curse)
Stlth  +++.......               (no amulet)
                                H - +2 ring of intelligence
                                k - +3 ring of protection

@: no status effects
A: talons 2, rugged brown scales 1, nightstalker 2
a: Upheaval, Renounce Religion


You were on level 8 of the Dungeon.
You worshipped Qazlal.
Qazlal was pleased with you.
You were not hungry.

You visited 2 branches of the dungeon, and saw 9 of its levels.
You also visited: Sewer.

You collected 507 gold pieces.

Inventory:

Hand Weapons
 a - a +0 trident (weapon)
 E - the +10 trident "Toeskew" {holy, Int+2 Dex+2 Stlth+, unknown}
   (You found it on level 7 of the Dungeon)

   It has been blessed by the Shining One to cause great damage to the undead
   and demons.
   It affects your intelligence (+2).
   It affects your dexterity (+2).
   It makes you more stealthy.
Missiles
 d - 4 throwing nets (quivered)
Armour
 b - a +0 leather armour
 c - a +0 helmet (worn)
 B - a cursed +0 pair of boots (worn)
 D - a +2 leather armour of cold resistance (worn)
Jewellery
 k - a +3 ring of protection (left hand)
 H - a +2 ring of intelligence (right hand)
Wands
 q - a wand of slowing (26/48)
 N - a wand of flame (34/48)
 P - a wand of flame (23/48)
Scrolls
 e - 8 scrolls of remove curse {unknown}
 i - 11 scrolls of identify {unknown}
 l - 3 scrolls of fear {unknown}
 n - 2 scrolls of amnesia {unknown}
 o - a scroll of noise {unknown}
 v - 5 scrolls of teleportation {unknown}
 y - 2 scrolls of blinking {unknown}
 z - 4 scrolls of magic mapping {unknown}
 A - a scroll of immolation {unknown}
 I - a scroll of random uselessness {unknown}
 O - a scroll of vulnerability {unknown}
Potions
 g - a potion of degeneration {unknown}
 m - a potion of agility {unknown}
 p - a potion of cancellation {unknown}
 s - 2 potions of flight
 t - 2 potions of invisibility {unknown}
 u - 2 potions of haste {unknown}
 w - a potion of berserk rage {unknown}
 x - a potion of resistance {unknown}
 C - a potion of magic {unknown}
 G - 3 potions of heal wounds
 K - 2 potions of brilliance {unknown}
Books
 L - a book of Maledictions

   Spells                             Type                      Level
   a - Corona                         Hexes                        1
   b - Ensorcelled Hibernation        Hexes/Ice                    2
   c - Confuse                        Hexes                        3
   d - Tukima's Dance                 Hexes                        3
   e - Dazzling Spray                 Conjuration/Hexes            3
Miscellaneous
 r - a phial of floods (inert)
Comestibles
 f - 5 bread rations
 h - 3 fruits
 j - 4 meat rations
 F - a slice of pizza
 J - a beef jerky


   Skills:
 - Level 2.0 Fighting
 + Level 13.5 Polearms
 - Level 1.7 Throwing
 - Level 2.6 Dodging


You had 9 spell levels left.
You didn't know any spells.

Dungeon Overview and Level Annotations

Branches:
Dungeon (8/15)             Temple (1/1) D:5            Lair (0/6) D:8

Altars:
Ashenzari
Cheibriados
Dithmenos
Elyvilon
Fedhas
Gozag
Hepliaklqana
Kikubaaqudgha
Makhleb
Nemelex Xobeh
Okawaru
Qazlal
Ru
Sif Muna
Trog
Uskayaw
Vehumet
Xom
Yredelemnul
Zin
The Shining One

Shops:
D:6 %

Annotations:
D:3 exclusion: downstairs
D:5 exclusion: upstairs


Innate Abilities, Weirdness & Mutations

You have razor-sharp toenails.
You are partially covered in rugged brown scales. (AC +1, +3% HP)
You are significantly more attuned to the shadows.


Message History

Okay, then.
Attack whom?
Press: ? - help, Dir - move target cursor, f/p - two-headed ogre
Aim: a two-headed ogre, wielding a giant spiked club and a giant club (lightly wounded)
You hit the two-headed ogre.
The two-headed ogre is moderately wounded.
The two-headed ogre closely misses you. x2
Attack whom?
Press: ? - help, Dir - move target cursor, f/p - two-headed ogre
Aim: a two-headed ogre, wielding a giant spiked club and a giant club (moderately wounded)
You puncture the two-headed ogre!
The two-headed ogre is heavily wounded.
Attack whom?
Press: ? - help, Dir - move target cursor, f/p - two-headed ogre
Aim: a two-headed ogre, wielding a giant spiked club and a giant club (heavily wounded)
You closely miss the two-headed ogre.
The two-headed ogre is heavily wounded.
The two-headed ogre hits you with a giant spiked club!!
The two-headed ogre hits you with a giant club!!
You die...

#..### .#... #. ##.## .#
#. ####..# #.##....## .#
###...P....######.##
.......P............
.................... #
##.P...§............ .
#.....O@)..........
#..#P.P...§§..P........
..........P...P...♣....
#........P.>...........
#.......♣.............
#..P..............####
#.....♣...P.P.P...#
###...)..........P#.#
#####...##♣.......P.P##.#


You could see a two-headed ogre.

Vanquished Creatures
  The ghost of mynametaken the Spear-Bearer, a novice GrFi of Okawaru (D:7)
  A hippogriff (D:8)
  Sigmund (D:5)
  A wyvern (D:8)
  3 yaks (D:8)
  2 basilisks (D:8)
  2 porcupines (D:8)
  A black bear (D:7)
  Purgy (Sewer)
  An orc warrior (D:6)
  An ice beast (D:5)
  2 necrophages
  A phantom (D:5)
  An ogre (D:8)
  A centaur (D:5)
  3 crocodiles (D:8)
  The ghost of Vinniefish the Conjurer, an amateur DECj (D:4)
  A big kobold (D:8)
  5 bullfrogs
  A water moccasin skeleton (D:4)
  A scorpion (D:8)
  3 wights (D:7)
  2 crimson imps
  6 orc priests
  5 hounds
  A jelly (D:5)
  4 orc wizards
  A bullfrog skeleton (D:8)
  Jessica (D:2)
  An iguana (D:8)
  8 worker ants
  A killer bee zombie (D:5)
  A hound zombie (D:8)
  A hound skeleton (D:6)
  Robin (D:2)
  3 gnolls (D:3)
  8 adders
  A shadow imp (D:7)
  2 adder zombies
  2 worms
  2 dart slugs
  7 leopard geckos
  27 orcs
  17 bats
  7 giant cockroaches
  10 goblins
  14 hobgoblins
  6 jackals
  13 kobolds
  6 quokkas
  5 ball pythons
  8 frilled lizards
  A leopard gecko zombie (D:5)
  A quokka skeleton (D:8)
  12 rats
220 creatures vanquished.

Vanquished Creatures (others)
  6 fungi (D:8)
  3 plants (D:8)
9 creatures vanquished.

Grand Total: 229 creatures vanquished

Notes
Turn   | Place    | Note
-------+----------+-------------------------------------------
     0 | D:1      | penismuncher the Demonspawn Gladiator began the quest for the Orb.
     0 | D:1      | Reached XP level 1. HP: 16/16 MP: 1/1
    37 | D:1      | Reached skill level 3 in Polearms
    87 | D:1      | Upgraded the game from 0.20-a0-351-gc9b4002 to 0.20-a0-370-gd6af2a4
   129 | D:1      | Gained mutation: You have sharp toenails. [demonic ancestry]
   129 | D:1      | Reached XP level 2. HP: 16/22 MP: 2/2
   877 | D:1      | Reached XP level 3. HP: 27/27 MP: 3/3
  1177 | D:2      | Reached skill level 4 in Polearms
  1461 | D:2      | Noticed Robin
  1485 | D:2      | Killed Robin
  1485 | D:2      | HP: 2/40 [poisoned by a goblin]
  1597 | D:2      | HP: 1/27 [hobgoblin[Robin] (4)]
  1684 | D:2      | Reached XP level 4. HP: 8/33 MP: 4/4
  1967 | D:2      | Found a shattered altar of Ashenzari.
  2164 | D:2      | Noticed Jessica
  2170 | D:2      | Killed Jessica
  2250 | D:2      | Reached skill level 5 in Polearms
  2251 | D:2      | Found a bloodstained altar of Trog.
  2759 | D:2      | Gained mutation: You are slightly more attuned to the shadows. [demonic ancestry]
  2759 | D:2      | Reached XP level 5. HP: 31/38 MP: 5/5
  2907 | D:3      | Found a hide-covered altar of Uskayaw.
  2964 | D:3      | Found a glowing drain.
  3016 | Sewer    | Entered a sewer
  3049 | Sewer    | Noticed Purgy
  3080 | Sewer    | Killed Purgy
  3080 | Sewer    | Reached skill level 6 in Polearms
  3212 | D:3      | Reached XP level 6. HP: 44/44 MP: 6/6
  3289 | D:3      | Found a basalt altar of Yredelemnul.
  4027 | D:4      | Noticed Vinniefish's ghost (amateur DECj)
  4041 | D:4      | Killed Vinniefish's ghost
  4164 | D:4      | Reached skill level 7 in Polearms
  4596 | D:4      | Gained mutation: You are partially covered in rugged brown scales. (AC +1, +3% HP) [demonic ancestry]
  4596 | D:4      | Reached XP level 7. HP: 38/51 MP: 7/7
  4600 | D:4      | Noticed a hippogriff
  5249 | D:5      | Entered Level 5 of the Dungeon
  5636 | D:5      | Reached skill level 8 in Polearms
  6531 | D:5      | Reached skill level 9 in Polearms
  6531 | D:5      | Gained mutation: You have razor-sharp toenails. [demonic ancestry]
  6531 | D:5      | Reached XP level 8. HP: 28/57 MP: 8/8
  6742 | D:5      | Found a staircase to the Ecumenical Temple.
  6768 | Temple   | Entered the Ecumenical Temple
  6884 | Temple   | Became a worshipper of Qazlal Stormbringer
  6920 | D:5      | Noticed Sigmund
  6928 | D:5      | Killed Sigmund
  7294 | D:6      | Reached skill level 10 in Polearms
  7897 | D:6      | Found Huky's Food Shoppe.
  8038 | D:7      | Noticed mynametaken's ghost (novice GrFi)
  8524 | D:7      | Killed mynametaken's ghost
  8524 | D:7      | Reached skill level 11 in Polearms
  8524 | D:7      | Reached XP level 9. HP: 20/62 MP: 9/9
  8554 | D:7      | Reached * piety under Qazlal
  8907 | D:7      | Got a polished trident
  9121 | D:7      | Reached skill level 12 in Polearms
  9412 | D:8      | Found an opulent altar of Gozag.
  9412 | D:8      | Found a sparkling altar of Nemelex Xobeh.
  9654 | D:8      | Reached skill level 13 in Polearms
  9659 | D:8      | Gained mutation: You are significantly more attuned to the shadows. [demonic ancestry]
  9659 | D:8      | Reached XP level 10. HP: 51/69 MP: 10/10
  9668 | D:8      | Found a staircase to the Lair.
  9706 | D:8      | Reached ** piety under Qazlal
  9929 | D:8      | Noticed a two-headed ogre
  9961 | D:8      | Slain by a two-headed ogre

Vault maps used:
D:1:      minmay_arrival_floating_metal
D:2:      old_standard_altar, ashenzari_altar_1, uniq_jessica, uniq_robin
D:3:      lemuel_coloured_pillars_altar, nicolae_overflow_hidden_temple,
          portal_sewer_entry_f, minmay_misc_feat_secret_circle
D:5:      first_bread, grunt_ministairs_7, guppyfry_early_lair_pool,
          uniq_sigmund
D:6:      serial_shops, shop
D:8:      grunt_temple_overflow_opulence, minmay_lair_entry_grove, serial_shops,
          shop
Temple:   regret_index_temple_sphere_string
Sewer:    sewer_big_baddie

Skill      XL: |  1  2  3  4  5  6  7  8  9 |
---------------+----------------------------+-----
Polearms       | 3 4 5 6 7 9 11 13 | 13.5
Fighting       | |  2.0
Throwing       | |  1.7
Dodging        | |  2.6

Action                   |  1- 3 |  4- 6 |  7- 9 | 10-12 || total
-------------------------+-------+-------+-------+-------++-------
Melee: Trident           |   131 |   317 |   561 |    50 ||  1059
       Kick              |    16 |    54 |       |       ||    70
Evoke: Phial of floods   |       |       |     1 |       ||     1
  Use: Potion            |     1 |     1 |     8 |       ||    10
 Stab: Sleeping          |     1 |     8 |     9 |       ||    18
       Distracted        |       |       |     2 |       ||     2
  Eat: Chunk             |     2 |     9 |    12 |     1 ||    24
       Fruit             |       |       |     2 |       ||     2
       Bread ration      |       |       |     1 |       ||     1
Armor: Leather armour    |    22 |    78 |   125 |     7 ||   232
       Skin              |     9 |    66 |    36 |       ||   111
Dodge: Dodged            |    56 |   161 |   207 |    21 ||   445
Block: Other             |       |       |     4 |       ||     4
